 Dungeon Crawl Stone Soup version 0.31-a0-154-g56bf346678 (webtiles) character file.

Game seed: 159828058620322271

3360 Datul the Zephyrmancer (level 9, 0/63 HPs)
             Began as a Pale Draconian Air Elementalist on June 11, 2023.
             Was a Priest of Sif Muna.
             Slain by an orc warrior
             ... wielding a +2 halberd of venom
              (17 damage)
             ... on level 9 of the Dungeon.
             The game lasted 00:32:55 (8397 turns).

Datul the Zephyrmancer (DrAE)                       Turns: 8397, Time: 00:32:56

Health: 0/63       AC:  8    Str: 10    XL:     9   Next: 73%
Magic:  0/15       EV: 12    Int: 19    God:    Sif Muna [***...]
Gold:   405        SH:  0    Dex: 13    Spells: 3/16 levels left

rFire   + . .        C - +1 mace (protect)
rCold   . . .        (no shield)
rNeg    . . .        (body armour unavailable)
rPois   .            (helmet restricted)
rElec   .            (no cloak)
rCorr   .            b - +0 pair of gloves
SInv    .            (no boots)
Will    +....        (no amulet)
Stlth   ++           k - ring of protection from fire
HPRegen 0.30/turn    m - ring of willpower
MPRegen 0.14/turn

%: no passive effects
@: lethally poisoned (0 -> -17), short of breath, freezing walls
A: breathe steam, AC +7, unfitting armour, cold-blooded, steam resistance
a: Breathe Steam, Renounce Religion, Channel Magic, Forget Spell


You were on level 9 of the Dungeon.
You worshipped Sif Muna.
Sif Muna was most pleased with you.
You visited 2 branches of the dungeon, and saw 10 of its levels.

You collected 525 gold pieces.
You spent 120 gold pieces at shops.

Inventory:

Hand Weapons
 h - a +2 short sword of holy wrath
 C - a +1 mace of protection (weapon)
Missiles
 c - 66 stones
 p - 4 atropa-tipped darts
 v - 11 poisoned darts
Armour
 b - a +0 pair of gloves (worn)
Magical Staves
 f - a staff of fire
Jewellery
 d - an amulet of guardian spirit
 k - a ring of protection from fire (left hand)
 m - a ring of willpower (right hand)
 D - a ring of willpower
Wands
 x - a wand of charming (12)
 y - a wand of polymorph (3)
 B - a wand of flame (22)
 E - a wand of acid (7)
Scrolls
 a - 3 scrolls of teleportation
 g - 8 scrolls of identify {unknown}
 i - 3 scrolls of blinking {unknown}
 u - a scroll of magic mapping {unknown}
 w - a scroll of vulnerability {unknown}
 z - 2 scrolls of fear
 A - a scroll of enchant armour {unknown}
 F - a scroll of brand weapon {unknown}
Potions
 e - 2 potions of resistance {unknown}
 j - 2 potions of heal wounds {unknown}
 l - 2 potions of enlightenment {unknown}
 n - a potion of lignification
 o - 2 potions of attraction {unknown}
 q - a potion of brilliance
 r - 5 potions of curing
 s - 5 potions of haste {unknown}
 t - a potion of might {unknown}


   Skills:
 + Level 0.3 Fighting
 - Level 1.7 Dodging
 - Level 1.7 Stealth
 + Level 4.0 Spellcasting
 - Level 4.0 Conjurations
 - Level 5.0 Ice Magic
 - Level 9.5 Air Magic
 - Level 9.0 Invocations


You had 3 spell levels left.
You knew the following spells:

 Your Spells              Type           Power      Damage    Failure   Level
a - Shock                 Conj/Air       100%       1d9       1%          1
b - Static Discharge      Conj/Air       58%        2-5/arc   1%          2
c - Airstrike             Air            20%        2d(3-19)  2%          4
d - Swiftness             Air            40%        N/A       1%          3
e - Frozen Ramparts       Ice            44%        1d7       5%          3

Your spell library contained the following spells:

 Spells                   Type           Power      Damage    Failure   Level
 Freeze                   Ice            88%        1d9       1%          1
 Kiss of Death            Conj/Necr      44%        2d8       6%          1
 Hailstorm                Conj/Ice       20%        3d6       6%          3
 Summon Small Mammal      Summ           12%        N/A       14%         1
 Call Canine Familiar     Summ           3%         N/A       38%         3
 Confusing Touch          Hex            3%         N/A       38%         3
 Inner Flame              Hex/Fire       3%         N/A       38%         3
 Summon Guardian Golem    Hex/Summ       3%         N/A       38%         3
 Dispel Undead            Necr           3%         3d7       80%         4
 Borgnjor's Revivificati  Necr           1%         N/A       100%        8


Dungeon Overview and Level Annotations

Branches:
Dungeon (9/15) Zot: 26939  Temple (1/1) D:7 Zot: 5910
   Lair: D:8-11         Orc: D:9-12

Altars:
Fedhas
Gozag
Kikubaaqudgha
Makhleb
Nemelex Xobeh
Okawaru
Ru
Sif Muna
Wu Jian
Xom
Zin

Shops:
D:3 !

Annotations:
D:3 Natasha


Innate Abilities, Weirdness & Mutations

You can breathe blasts of scalding, opaque steam.
Your pale cyan-grey scales are hard. (AC +7)
You cannot fit into any form of body armour.
You are cold-blooded and may be slowed by cold attacks.
You are immune to the effects of steam.


Message History

Aiming: Breathe Steam (1% risk of failure)
Press: ? - help, Shift-Dir - straight line, f - orc warrior
Aim: an orc warrior, wielding a +2 halberd of venom and wearing a +0 chain mail (68% to hit)
You exhale a blast of scalding steam.
Casting: Frozen Ramparts (dangerous; 5% risk of failure)
Confirm with . or Enter, or press ? or * to list all spells.
You can't see any susceptible monsters within range! (Use Z to cast anyway.)
The frozen ramparts melt away as you move.
Casting: Frozen Ramparts (dangerous; 5% risk of failure)
Confirm with . or Enter, or press ? or * to list all spells.
Casting: Frozen Ramparts (dangerous; 5% risk of failure)
Press: ? - help, Dir - look around, f - activate The walls around you are covered in ice.
* * * LOW MAGIC WARNING * * *
The wall freezes the orc warrior.
The orc warrior hits you from afar with a +2 halberd of venom!
You are poisoned.
You take 8 damage, and have 43/63 hp.
You now have 2/15 mp.
The zap hits the orc warrior but does no damage.
The orc warrior is severely wounded.
* * * LOW MAGIC WARNING * * *
You feel very sick.
The wall freezes the orc warrior.
The orc warrior hits you from afar with a +2 halberd of venom!
* * * LOW HITPOINT WARNING * * *
You are lethally poisoned!
You take 21 damage, and have 22/63 hp.
MASSIVE DAMAGE!!
You now have 1/15 mp.
You are too injured to fight recklessly!
Casting: Shock (safe; 1% risk of failure)
Confirm with . or Enter, or press ? or * to list all spells.
Aiming: Shock (safe; 1% risk of failure)
Press: ? - help, Shift-Dir - straight line, f/p - orc warrior
Aim: an orc warrior, wielding a +2 halberd of venom and wearing a +0 chain mail (severely wounded, 71% to hit)
The zap hits the orc warrior.
The orc warrior is almost dead.
* * * LOW MAGIC WARNING * * *;
* * * LOW HITPOINT WARNING * * *
You feel very sick.
The wall freezes the orc warrior.
The orc warrior hits you from afar with a +2 halberd of venom!
You die...

....... #########
########.....##### #..^.....
......#.....#.... #.......#
#....#.....#.... #.......#
#....#.....#.... #.......+
#....#.....#.... #.......#
#....####'##....
#.......######...............
#.........o.@......>.........
#......#################†....
#......'...... #.†...
#......#....o. #.....
#......#...... #.....
####...# ....o #..... #...#
..... #..... #.>.# ....
#..... #...# .### #.....


You could see an orc warrior.

Vanquished Creatures
  2 steam dragons (D:8)
  3 water moccasins
  A black bear (D:5)
  2 sky beasts (D:7)
  3 ice beasts
  4 ogres
  A centaur (D:7)
  A phantom (D:7)
  A kobold brigand (D:8)
  3 bullfrogs
  3 scorpions
  9 killer bees
  5 howler monkeys
  4 crimson imps (D:5)
  3 jellies
  3 hounds (D:5)
  An orc priest (D:8)
  Terence (D:2)
  An iguana (D:3)
  2 sleepcaps (D:6)
  4 orc wizards
  Robin (D:4)
  3 gnolls (D:6)
  4 adders
  2 shadow imps
  A white imp (D:5)
  A worm (D:4)
  2 dart slugs
  15 orcs
  5 bats
  6 endoplasms
  A giant cockroach (D:2)
  11 goblins
  7 hobgoblins
  8 kobolds
  2 quokkas
  5 ball pythons
  A frilled lizard (D:1)
  3 rats
135 creatures vanquished.

Notes
Turn   | Place    | Note
-------+----------+-------------------------------------------
     0 | D:1      | Datul the Draconian Air Elementalist began the quest for
                  | the Orb.
     0 | D:1      | Reached XP level 1. HP: 14/14 MP: 3/3
    53 | D:1      | Reached XP level 2. HP: 13/20 MP: 0/5
   276 | D:1      | Learned a level 2 spell: Static Discharge
   950 | D:2      | Noticed Terence
  1148 | D:2      | Reached XP level 3. HP: 26/26 MP: 4/6
  1361 | D:2      | Found a faded altar of an unknown god.
  1861 | D:2      | Prayed at the altar of an unknown god.
  1861 | D:2      | Became a worshipper of Sif Muna the Loreminder
  1861 | D:2      | Reached * piety under Sif Muna
  1892 | D:2      | Killed Terence
  1971 | D:3      | Noticed Natasha
  2074 | D:3      | Reached XP level 4. HP: 33/33 MP: 0/7
  2079 | D:3      | Learned a level 4 spell: Airstrike
  2352 | D:3      | Found Zeawnox's Distillery.
  2362 | D:3      | Bought a potion of lignification for 36 gold pieces
  2362 | D:3      | Bought a potion of brilliance for 48 gold pieces
  2362 | D:3      | Bought a potion of curing for 36 gold pieces
  2804 | D:4      | Noticed a scorpion
  2813 | D:4      | Reached skill level 1 in Invocations
  2882 | D:4      | Found an opulent altar of Gozag.
  3056 | D:4      | Noticed an ogre
  3061 | D:4      | Killed an ogre
  3062 | D:4      | Reached skill level 5 in Air Magic
  3062 | D:4      | Reached XP level 5. HP: 38/38 MP: 0/9
  3343 | D:4      | Reached XP level 6. HP: 45/45 MP: 9/11
  3359 | D:4      | Noticed Robin
  3376 | D:4      | Killed Robin
  3769 | D:4      | Reached ** piety under Sif Muna
  3836 | D:4      | Learned a level 3 spell: Swiftness
  3943 | D:4      | Found a blossoming altar of Fedhas.
  4156 | D:5      | Entered Level 5 of the Dungeon
  4167 | D:5      | Your scales start taking on a pale cyan-grey colour.
  4167 | D:5      | Reached XP level 7. HP: 48/50 MP: 1/13
  4167 | D:5      | Gained mutation: You are immune to the effects of steam.
                  | [Pale Draconian growth]
  4544 | D:5      | Found a glowing silver altar of Zin.
  4656 | D:5      | Found a sparkling altar of Nemelex Xobeh.
  4815 | D:5      | Found a sacrificial altar of Ru.
  4870 | D:5      | Found a shimmering altar of Xom.
  4996 | D:5      | Reached XP level 8. HP: 57/57 MP: 5/14
  5009 | D:5      | Reached skill level 5 in Invocations
  5614 | D:6      | Learned a level 3 spell: Frozen Ramparts
  5826 | D:6      | Reached skill level 1 in Ice Magic
  6633 | D:7      | Found an ancient bone altar of Kikubaaqudgha.
  6792 | D:7      | Reached XP level 9. HP: 42/62 MP: 6/15
  6802 | D:7      | Found a staircase to the Ecumenical Temple.
  6902 | Temple   | Entered the Ecumenical Temple
  7290 | D:7      | Found an iron altar of Okawaru.
  7607 | D:8      | Reached *** piety under Sif Muna
  7745 | D:8      | Got the Papyrus of Charnel Glamour
  7875 | D:8      | Reached skill level 5 in Ice Magic
  8397 | D:9      | Slain by an orc warrior

Illustrated notes

Levels and vault maps discovered:
D:1:      wander_arrival_peaceful_grave, layout_basic, feat_on_display
D:2:      layout_loops_ring, dreamdust_ecumenical_altar_statues,
          minmay_misc_feat_square, uniq_terence
D:3:      layout_rooms, serial_shops, shop, hex_large, minivault_26,
          uniq_crazy_yiuf_cottage, uniq_natasha
D:4:      layout_basic, grunt_gozag_statues, old_standard_altar, chequers_jeans,
          kennysheep_generic_room_10, uniq_robin
D:5:      layout_basic, nemelex_xobeh_ov_fountains_minmay, led_xom_imps,
          mainiacjoe_overflow_catch_the_wave
D:6:      nicolae_BIG_FREAKIN_CUBE, layout_cave_pods
D:7:      layout_basic, mainiacjoe_overflow_catwalk,
          nicolae_kikubaaqudgha_miasma_corner, minmay_temple_entry_wispy
D:8:      layout_rooms
D:9:      layout_irregular_city, nicolae_dithmenos_the_darkroom,
          lair_entry_dummy, serial_shops, nicolae_stop_n_shop_1,
          kennysheep_generic_room_4, uniq_maurice
Temple:   nicolae_temple_bog_church

Skill      XL: |  1  2  3  4  5  6  7  8  9 |
---------------+----------------------------+-----
Air Magic      | 4 5 7 8 9 |  9.5
Invocations    | 1 2 3 4 6 9 |  9.0
Spellcasting   | 3 4 |  4.0
Ice Magic      | 2 5 |  5.0
Conjurations   | 3 4 |  4.0
Fighting       | |  0.3
Dodging        | |  1.7
Stealth        | |  1.7

Action                     |  1- 3 |  4- 6 |  7- 9 || total
---------------------------+-------+-------+-------++-------
  Melee: Unarmed           |     2 |       |       ||     2
         Short sword       |     3 |     2 |    35 ||    40
         Tailslap          |       |       |     6 ||     6
         Mace              |       |       |    10 ||    10
  Throw: Dart              |     7 |       |     4 ||    11
   Cast: Shock             |    73 |    93 |    99 ||   265
         Static Discharge  |     3 |     4 |    19 ||    26
         Airstrike         |       |     4 |    39 ||    43
         Frozen Ramparts   |       |       |    12 ||    12
 Invoke: Channel Magic     |       |     1 |     2 ||     3
Ability: Breathe Steam     |       |       |    10 ||    10
  Evoke: Wand              |       |       |     5 ||     5
    Use: Potion            |     3 |       |       ||     3
         Scroll            |     4 |       |       ||     4
 Armour: Skin              |    10 |     9 |    49 ||    68
  Dodge: Dodged            |    33 |     9 |    60 ||   102

Table legend: (Time is in decaauts)
 A = Elapsed time spent in this place.
 B = Non-inter-level travel time spent in this place.
 C = Inter-level travel time spent in this place.
 D = Time resting spent in this place.
 E = Time spent auto-exploring this place.
 F = Levels seen in this place.
 G = Mean time per level.
                   A        B        C        D        E       F      G
               +--------+--------+--------+--------+--------+-----+--------+
         Total |   8404 |   8065 |    339 |   2559 |   4344 |  10 |  840.4 |
       Dungeon |   8314 |   7975 |    339 |   2471 |   4344 |   9 |  923.8 |
        Temple |     89 |     89 |      0 |     88 |      0 |   1 |   89.0 |
               +--------+--------+--------+--------+--------+-----+--------+

Top non-repeatable levels by time:
     D:4: 1780 daAuts
     D:5: 1188 daAuts
     D:1: 1041 daAuts
     D:2: 1009 daAuts
     D:6: 985 daAuts
     D:7: 894 daAuts
     D:8: 745 daAuts
     D:3: 611 daAuts
  Temple: 89 daAuts
     D:9: 59 daAuts
